 Dungeon Crawl Stone Soup version 0.25-a0-632-g7713895373 (webtiles) character file.

Game seed: 3238144788403413914, levelgen mode: deterministic

25397 Amnesiac the Nimble (level 12, -6/67 HPs)
             Began as a Spriggan Berserker on Mar 19, 2020.
             Was a Priest of Okawaru.
             Mangled by a black mamba (24 damage)
             ... on level 2 of the Lair of Beasts.
             The game lasted 00:33:29 (14159 turns).

Amnesiac the Nimble (Spriggan Berserker)           Turns: 14159, Time: 00:33:29

Health: -6/67      AC:  7    Str: 17    XL:     12   Next: 89%
Magic:  10/19      EV: 27    Int: 10    God:    Okawaru [***...]
Gold:   125        SH:  8    Dex: 15    Spells: 9/11 levels left

rFire    . . .     SeeInvis +   a - +9 quick blade (freeze)
rCold    . . .     Gourm    .   g - +0 buckler
rNeg     + . .     Faith    .   b - +0 troll leather armour
rPois    +         Spirit   .   (helmet restricted)
rElec    .         Reflect  .   f - +2 cloak {rPois}
rCorr    .         Harm     .   (gloves unavailable)
MR       ++...                  (boots unavailable)
Stlth    ++++......             (no amulet)
HPRegen  0.61/turn              m - ring of positive energy
MPRegen  0.16/turn              v - ring of wizardry

@: very slightly contaminated, very quick
A: very small, unfitting armour, see invisible, herbivore, speed 3, slow
metabolism 2
a: Heroism, Renounce Religion


You were on level 2 of the Lair of Beasts.
You worshipped Okawaru.
Okawaru was most pleased with you.
You were not hungry.

You visited 4 branches of the dungeon, and saw 15 of its levels.

You collected 1323 gold pieces.
You spent 1198 gold pieces at shops.

Inventory:

Hand Weapons
 a - a +9 quick blade of freezing (weapon)
Missiles
 n - 31 poisoned darts (quivered)
 o - 12 silver boomerangs
 r - 6 atropa-tipped darts
 C - a curare-tipped dart
 J - a throwing net
Armour
 b - a +0 troll leather armour (worn)
 f - a +2 cloak of poison resistance (worn)
 g - a +0 buckler (worn)
 H - the +2 cloak of the Thief {+Fog Slay-2 SInv Stlth+}
   (You bought it in a shop on level 5 of the Dungeon)

   It affects your accuracy and damage with ranged weapons and melee attacks
   (-2).
   It lets you see invisible.
   It makes you more stealthy.
Jewellery
 m - a ring of positive energy (left hand)
 p - an uncursed ring of ice
 v - a ring of wizardry (right hand)
Wands
 s - a wand of clouds (2)
 w - a wand of iceblast (6)
 y - a wand of disintegration (5)
 B - a wand of digging (5)
Scrolls
 d - a scroll of blinking {!r}
 i - 4 scrolls of enchant armour {!r}
 z - 3 scrolls of fear {!r}
 D - 3 scrolls of remove curse {!r}
 G - 4 scrolls of fog {!r}
 I - 2 scrolls of magic mapping {!r}
 K - 5 scrolls of identify {!r}
 M - a scroll of enchant weapon {!r}
Potions
 e - 2 potions of magic {!q}
 h - 7 potions of curing {!q}
 j - 2 potions of flight {!q, unknown}
 k - 2 potions of mutation {!q}
 l - 4 potions of stabbing {!q}
 q - 3 potions of heal wounds {!q}
 t - a potion of cancellation {!q}
 u - a potion of ambrosia {!q}
 x - 2 potions of brilliance {!q}
 A - a potion of resistance {!q}
 E - a potion of might {!q, unknown}
 F - 2 potions of lignification {!q, unknown}
 L - 2 potions of haste {!q, unknown}
Comestibles
 c - 10 rations


   Skills:
 - Level 10.0 Fighting
 - Level 8.0 Short Blades
 - Level 13.0 Dodging
 + Level 10.1 Stealth
 - Level 7.2 Shields
 - Level 8.0 Invocations
 - Level 8.0 Evocations


You had 9 spell levels left.
You knew the following spells:

 Your Spells              Type           Power        Failure   Level  Hunger
v - Blink                 Tloc           N/A          26%         2    ###....

Your spell library contained the following spells:

 Spells                   Type           Power        Failure   Level  Hunger
 Animate Skeleton         Necr           N/A          19%         1    ##.....
 Apportation              Tloc           #.....       19%         1    ##.....
 Beastly Appendage        Tmut           #.....       19%         1    ##.....
 Corona                   Hex            #......      19%         1    ##.....
 Magic Dart               Conj           #...         19%         1    ##.....
 Pain                     Necr           #...         19%         1    ##.....
 Summon Small Mammal      Summ           #...         19%         1    ##.....
 Call Imp                 Summ           #.......     26%         2    ###....
 Shroud of Golubria       Chrm/Tloc      #.....       26%         2    ###....
 Slow                     Hex            #.......     26%         2    ###....
 Sticks to Snakes         Tmut           #.......     26%         2    ###....
 Conjure Flame            Conj/Fire      #.......     45%         3    ####...
 Gell's Gravitas          Tloc           #.........   45%         3    ####...
 Lesser Beckoning         Tloc           #.........   45%         3    ####...
 Mephitic Cloud           Conj/Pois/Air  #.......     45%         3    ####...
 Recall                   Summ/Tloc      N/A          45%         3    ####...
 Spider Form              Tmut/Pois      #.........   45%         3    ####...
 Teleport Other           Tloc           #.......     45%         3    ####...
 Vampiric Draining        Necr           #.........   45%         3    ####...
 Animate Dead             Necr           N/A          86%         4    #####..
 Ice Form                 Ice/Tmut       #.......     86%         4    #####..
 Passage of Golubria      Tloc           N/A          86%         4    #####..
 Agony                    Necr           #.......     99%         5    ######.
 Blade Hands              Tmut           #.........   99%         5    ######.
 Borgnjor's Vile Clutch   Necr/Erth      #.........   99%         5    ######.
 Death Channel            Necr           #.........   100%        6    #######
 Simulacrum               Ice/Necr       #.........   100%        6    #######


Dungeon Overview and Level Annotations

Branches:
Dungeon (9/15)             Temple (1/1) D:4            Lair (3/6) D:8
 Shoals (0/4) Lair:2          Orc (2/2) D:9             Elf (0/3) Orc:2
  Snake: Lair:2-4    Spider: Lair:2-4

Altars:
Ashenzari
Cheibriados
Dithmenos
Elyvilon
Fedhas
Gozag
Hepliaklqana
Kikubaaqudgha
Makhleb
Nemelex Xobeh
Okawaru
Qazlal
Ru
Sif Muna
Trog
Uskayaw
Vehumet
Wu Jian
Xom
Yredelemnul
Zin
The Shining One

Shops:
D:5 ([?%[   Orc:2 *![:

Annotations:
Lair:2 Habiwosh's ghost, journeyman GnSk


Innate Abilities, Weirdness & Mutations

You are very small and have problems with some larger weapons.
You are too small for most types of armour.
You have supernaturally acute eyesight. (SInv)
You are a herbivore.
You cover ground extremely quickly.
You need to consume almost no food.


Message History

The black mamba completely misses you.
You hit the moth of wrath. You freeze the moth of wrath.
The moth of wrath is almost dead.
You barely miss the moth of wrath.
The moth of wrath is almost dead.
The moth of wrath goads the black mamba on!
The black mamba goes berserk!
The black mamba completely misses you.
You puncture the moth of wrath! You freeze the moth of wrath.
You kill the moth of wrath!
Okawaru accepts your kill.
Your Stealth skill increases to level 10!
You closely miss the black mamba. The black mamba bites you.
Habiwosh's ghost misses you.
The black mamba bites you but does no damage.
Being near the torpor snail leaves you feeling lethargic.
The black mamba rages.
The black mamba bites you! Habiwosh's ghost barely misses you.
The black mamba rages.
The black mamba misses you. You block the black mamba's attack.
Habiwosh's ghost hits you but does no damage.
There is a transporter here.
You enter the transporter and appear at another place.
You feel yourself speed up. The black mamba completely misses you.
The black mamba closely misses you. x2
Habiwosh's ghost barely misses you. The black mamba completely misses you.
Evoke which item? (* to show all) (? for menu, Esc to quit)
Okay, then.
Habiwosh's ghost closely misses you. The black mamba bites you!
You see here a black mamba corpse.
The black mamba misses you.
Evoke which item? (* to show all) (? for menu, Esc to quit)
Aiming: Cloud Cone
Press: ? - help, Dir - move target cursor, f - black mamba
Aim: a black mamba (berserk, fast, unusually strong)
You create a blast of poison gas!
The black mamba misses you. The black mamba completely misses you.
You block the black mamba's attack.
Evoke which item? (* to show all) (? for menu, Esc to quit)
Okay, then.
The black mamba rages.
The black mamba bites you!!
* * * LOW HITPOINT WARNING * * *
Okay, then.
Okay, then.
Casting: Blink (safe; 26% risk of failure)
Confirm with . or Enter, or press ? or * to list all spells.
You blink.
The black mamba closely misses you. Habiwosh's ghost misses you.
The black mamba completely misses you.
Casting: Blink (safe; 26% risk of failure)
Confirm with . or Enter, or press ? or * to list all spells.
You blink.
Habiwosh's ghost whispers, "There is no future for you."
Casting: Blink (safe; 26% risk of failure)
Confirm with . or Enter, or press ? or * to list all spells.
You blink.
Casting: Blink (safe; 26% risk of failure)
Confirm with . or Enter, or press ? or * to list all spells.
You blink.
The black mamba misses you.
Casting: Blink (safe; 26% risk of failure)
Confirm with . or Enter, or press ? or * to list all spells.
You miscast Blink.
You are very lightly contaminated with residual magic.
The floor and the ceiling briefly switch places.
The black mamba completely misses you. The black mamba bites you!!
You die...

### #######.# ### #########
######
P##.#P#.#####.###..#.#..###.##.##
.................................
................S...######.......
...##P+#..P#...W@..###.###.......
...............§........##......#
...#.......#......#......#......#
...........§§§§§..#..............
...P.....####§###........#.......
...#.#####..###©##......#..).....
.....#....#......##..............
....##...#...#....#.#..#.#......#
....#......#..##..#.#..###......#


You could see a black mamba (berserk) and Habiwosh's ghost.

Vanquished Creatures
  An orc warlord (Orc:1)
  The ghost of Xutuduuch the Fanfare of Bloodshed, a journeyman DDFi of Makhleb (Lair:1)
  Fannar (Lair:1)
  A two-headed ogre (D:8)
  3 orc high priests (Orc:2)
  5 orc knights
  Pikel (D:5)
  An ugly thing (D:7)
  2 oklob plants (Lair:1)
  3 orc sorcerers (Orc:2)
  A moth of wrath (Lair:2)
  A merfolk siren (Lair:2)
  A black mamba (Lair:2)
  A gargoyle (D:8)
  3 spiny frogs
  2 komodo dragons
  A rime drake (Lair:2)
  3 merfolk
  4 trolls
  Grinder (D:6)
  Prince Ribbit (D:8)
  3 hippogriffs
  18 yaks
  6 wargs
  Duvessa (D:4)
  4 porcupines (D:8)
  A water moccasin (Lair:2)
  2 black bears (D:8)
  An ice beast (D:9)
  21 orc warriors
  3 slaves (D:6)
  3 phantoms
  8 ogres
  4 crocodiles
  A centaur (D:6)
  7 bullfrogs
  Dowan (D:4)
  3 scorpions
  5 killer bees
  A crimson imp (D:8)
  A bullfrog zombie (D:7)
  18 orc priests
  6 hounds
  19 orc wizards
  2 centaur skeletons
  4 iguanas
  8 worker ants
  2 howler monkey zombies
  5 gnolls
  9 adders
  2 shadow imps
  2 oozes
  An adder zombie (D:6)
  An adder skeleton (D:6)
  6 worms
  3 dart slugs
  A leopard gecko (D:1)
  52 orcs
  A ball python (D:1)
  5 giant cockroaches
  15 goblins
  9 hobgoblins
  8 jackals
  8 kobolds
  2 quokkas
  5 bats
  4 frilled lizards
  A leopard gecko skeleton (D:7)
  A leopard gecko zombie (D:5)
  A quokka skeleton (D:4)
  6 rats
  2 plants (Lair:1)
341 creatures vanquished.

Vanquished Creatures (others)
  A slave (D:6)
  An orc wizard (Orc:2)
  A worker ant zombie (D:6)
  2 orcs (Orc:2)
  11 fungi (D:8)
  4 plants (D:8)
20 creatures vanquished.

Grand Total: 361 creatures vanquished

Notes
Turn   | Place    | Note
-------+----------+-------------------------------------------
     0 | D:1      | Amnesiac the Spriggan Berserker began the quest for the
                  | Orb.
     0 | D:1      | Reached XP level 1. HP: 11/11 MP: 2/2
   238 | D:1      | Reached XP level 2. HP: 6/16 MP: 3/3
   664 | D:1      | Reached ** piety under Trog
   701 | D:1      | Reached XP level 3. HP: 15/19 MP: 4/4
   900 | D:2      | Reached skill level 1 in Stealth
  1203 | D:2      | Reached skill level 5 in Short Blades
  1255 | D:2      | Reached XP level 4. HP: 21/23 MP: 5/5
  1343 | D:2      | Found a basalt altar of Yredelemnul.
  1351 | D:2      | Reached *** piety under Trog
  1513 | D:2      | Found an opulent altar of Gozag.
  1513 | D:2      | Found a white marble altar of Elyvilon.
  1513 | D:2      | Found a shimmering blue altar of Sif Muna.
  1893 | D:3      | Reached skill level 1 in Evocations
  1911 | D:3      | Reached XP level 5. HP: 24/27 MP: 6/6
  2373 | D:4      | Noticed an ogre
  2384 | D:4      | Killed an ogre
  2455 | D:4      | Found a staircase to the Ecumenical Temple.
  2502 | D:4      | Reached XP level 6. HP: 17/32 MP: 8/8
  2708 | D:4      | Noticed Duvessa
  2708 | D:4      | Noticed Dowan
  2712 | D:4      | Killed Dowan
  2737 | D:4      | Killed Duvessa
  2737 | D:4      | Reached skill level 5 in Stealth
  3233 | D:5      | Entered Level 5 of the Dungeon
  3290 | D:5      | Reached XP level 7. HP: 35/35 MP: 10/10
  3480 | D:5      | Reached **** piety under Trog
  3540 | D:5      | Found Agga's Armour Shop.
  3550 | D:5      | Bought a +1 cloak of poison resistance for 175 gold pieces
  3550 | D:5      | Bought a +0 buckler for 58 gold pieces
  3708 | D:5      | Found Saoc's Magic Scroll Emporium.
  3776 | D:5      | Found Ynliq's Food Shop.
  3789 | D:5      | Reached skill level 5 in Evocations
  3821 | D:5      | Found Niazaat's Antique Armour Boutique.
  3919 | D:5      | Reached XP level 8. HP: 23/39 MP: 11/13
  4159 | D:5      | Found Cuvvo's Weapon Shoppe.
  4167 | D:5      | Bought 3 curare-tipped darts for 19 gold pieces
  4671 | D:6      | Reached skill level 1 in Shields
  4682 | D:6      | Noticed Grinder
  4692 | D:6      | Killed Grinder
  4740 | D:6      | Noticed Pikel
  4827 | D:5      | Killed Pikel
  5023 | D:6      | Reached XP level 9. HP: 33/43 MP: 15/15
  5040 | D:6      | Reached ***** piety under Trog
  5040 | D:6      | Received a gift from Trog
  5987 | D:7      | Found a basalt altar of Yredelemnul.
  6012 | D:7      | Found a blossoming altar of Fedhas.
  6054 | D:7      | Noticed a purple ugly thing
  6093 | D:7      | Reached skill level 5 in Shields
  6322 | D:7      | Killed a purple ugly thing
  6545 | D:8      | Noticed Prince Ribbit
  6551 | D:8      | Killed Prince Ribbit
  6867 | D:8      | Found a staircase to the Lair.
  6935 | D:8      | Noticed a troll
  6951 | D:8      | Killed a troll
  6951 | D:8      | Reached skill level 5 in Dodging
  6951 | D:8      | Reached XP level 10. HP: 17/47 MP: 17/17
  7189 | D:8      | Reached skill level 6 in Dodging
  7305 | D:8      | Noticed a gargoyle
  7311 | D:8      | Killed a gargoyle
  7311 | D:8      | Reached skill level 7 in Dodging
  7497 | D:8      | Reached skill level 8 in Dodging
  7922 | D:8      | Noticed a two-headed ogre
  7936 | D:8      | Killed a two-headed ogre
  7936 | D:8      | Received a gift from Trog
  7936 | D:8      | Reached skill level 9 in Dodging
  8137 | D:9      | Found a shimmering altar of Xom.
  8151 | D:9      | Reached skill level 10 in Dodging
  8298 | D:9      | Found a staircase to the Orcish Mines.
  8485 | D:9      | Found a sacrificial altar of Ru.
  8853 | Orc:1    | Entered Level 1 of the Orcish Mines
  8886 | Orc:1    | Reached skill level 11 in Dodging
  8953 | Orc:1    | Reached skill level 5 in Fighting
  9084 | Orc:1    | Noticed an orc knight
  9129 | Orc:1    | Reached XP level 11. HP: 33/55 MP: 6/18
  9244 | Orc:1    | Killed an orc knight
  9392 | Orc:1    | Reached skill level 12 in Dodging
  9566 | Orc:1    | Noticed an orc warlord
  9685 | Orc:1    | Killed an orc warlord
  9744 | Orc:1    | Reached skill level 13 in Dodging
 10045 | Orc:2    | Entered Level 2 of the Orcish Mines
 10075 | Orc:2    | Received a gift from Trog
 10104 | Orc:2    | Found a staircase to the Elven Halls.
 10640 | Orc:2    | Noticed an orc knight
 10680 | Orc:2    | Killed an orc knight
 11094 | Orc:2    | Noticed an orc high priest
 11103 | Orc:2    | Killed an orc high priest
 11137 | Orc:2    | Noticed an orc knight
 11137 | Orc:2    | Noticed an orc high priest
 11137 | Orc:2    | Noticed an orc sorcerer
 11137 | Orc:2    | Noticed an orc sorcerer
 11166 | Orc:2    | Killed an orc high priest
 11177 | Orc:2    | Killed an orc knight
 11268 | Orc:2    | Noticed an orc knight
 11287 | Orc:2    | Killed an orc knight
 11289 | Orc:2    | Killed an orc sorcerer
 11303 | Orc:2    | Killed an orc sorcerer
 11340 | Orc:2    | Noticed an orc high priest
 11341 | Orc:2    | Noticed an orc knight
 11342 | Orc:2    | Found Pefyofu's Distillery.
 11342 | Orc:2    | Found Nehekol's Assorted Antiques.
 11342 | Orc:2    | Noticed an orc sorcerer
 11345 | Orc:2    | Found Ebbiu's Antique Armour Shop.
 11345 | Orc:2    | Found Xesiudd's Book Shoppe.
 11352 | Orc:2    | Killed an orc sorcerer
 11352 | Orc:2    | Reached XP level 12. HP: 47/66 MP: 6/19
 11360 | Orc:2    | Killed an orc high priest
 11457 | Orc:2    | Bought a scroll labeled JOBRIQ SAMYDYUTY for 34 gold pieces
 11457 | Orc:2    | Bought a scroll labeled TUXUSMU REOM for 34 gold pieces
 11467 | Orc:2    | Bought a sapphire ring for 170 gold pieces
 11468 | Orc:2    | Bought a curved glass wand for 136 gold pieces
 11468 | Orc:2    | Was placed under penance by Trog
 11471 | Orc:2    | Learned a level 2 spell: Blink
 11471 | Orc:2    | Fell from the grace of Trog
 11669 | Temple   | Entered the Ecumenical Temple
 11804 | Temple   | Became a worshipper of Warmaster Okawaru
 11941 | D:5      | Bought the +2 cloak of the Thief {+Fog Slay-2 SInv Stlth+}
                  | for 381 gold pieces
 11941 | D:5      | Found the +2 cloak of the Thief {+Fog Slay-2 SInv Stlth+}
 11941 | D:5      | Bought a glowing cloak for 142 gold pieces
 12015 | D:5      | Bought a scroll of magic mapping for 49 gold pieces
 12107 | Lair:1   | Entered Level 1 of the Lair of Beasts
 12256 | Lair:1   | Reached skill level 10 in Fighting
 12295 | Lair:1   | Reached skill level 1 in Invocations
 12367 | Lair:1   | Noticed Fannar
 12392 | Lair:1   | Killed Fannar
 12392 | Lair:1   | Reached * piety under Okawaru
 12450 | Lair:1   | Found a runed translucent door.
 12581 | Lair:1   | Noticed Xutuduuch's ghost (journeyman DDFi)
 12632 | Lair:1   | You fall into a shaft and drop 1 floor!
 12688 | Lair:2   | Found a transporter.
 12705 | Lair:2   | Found a transporter.
 12709 | Lair:2   | Reached skill level 5 in Invocations
 13071 | Lair:1   | Reached ** piety under Okawaru
 13161 | Lair:2   | Noticed Habiwosh's ghost (journeyman GnSk)
 13167 | Lair:2   | Found a staircase to the Shoals.
 13272 | Lair:1   | Killed Xutuduuch's ghost
 13493 | Lair:2   | You fall into a shaft and drop 1 floor!
 13511 | Lair:3   | Reached *** piety under Okawaru
 14142 | Lair:2   | Reached skill level 10 in Stealth
 14159 | Lair:2   | Mangled by a black mamba

Levels and vault maps discovered:
D:1:      dpeg_arrival_solitude, layout_basic, hangedman_decor_points,
          minmay_pentomino_x2
D:2:      cheibrodos_greedy_goblins, layout_loops_ring,
          gammafunk_temple_overflow_forgotten, yredelemnul_altar_generic
D:3:      layout_loops_ring, first_ration
D:4:      layout_loops_ring, minmay_temple_entry_purple_smoke,
          kennysheep_generic_room_11, uniq_duvessa
D:5:      layout_cave_pods, serial_shops, shop, shop, shop, shop,
          nicolae_shop_trees, kennysheep_generic_room_3
D:6:      layout_layer_cave, minivault_5, uniq_grinder, uniq_pikel
D:7:      layout_rooms, amethyst_overflow_temple_binary
D:8:      layout_rooms, due_lair_maze_entry_diamond, uniq_prince_ribbit1
D:9:      layout_long_grid, nicolae_ru_awakened_eye, kennysheep_mini,
          david_orc_3
Temple:   regret_index_temple_waves
Lair:1:   layout_chaotic_city, hellmonk_ghost_happy_afterlife,
          chequers_serial_rivers_large_b, minmay_lair_oklob_chamber,
          serial_bayou_shore_b, uniq_fannar
Lair:2:   layout_regular_city, elwin_shoals_entry_stream,
          gammafunk_ghost_berserking_beasts
Lair:3:   layout_concentric_octagons, chequers_serial_rivers_small_3,
          chequers_serial_rivers_micro_e, st_stairs_6, fungi_pond_lemuel,
          minmay_stone_trees_small, grunt_megastairs_4
Orc:1:    layout_caves, mines2_lemuel
Orc:2:    grunt_orc_tribal_feast, layout_caves

Skill      XL: |  1  2  3  4  5  6  7  8  9 10 11 12 |
---------------+-------------------------------------+-----
Short Blades   | 4 5 6 7 8 |  8.0
Stealth        | 2 3 4 5 7 8 10 | 10.1
Evocations     | 1 2 3 5 7 8 |  8.0
Shields        | 3 7 |  7.2
Dodging        | 5 11 13 | 13.0
Fighting       | 5 9 10 | 10.0
Invocations    | 8 |  8.0

Action                   |  1- 3 |  4- 6 |  7- 9 | 10-12 || total
-------------------------+-------+-------+-------+-------++-------
Melee: Short sword       |    90 |       |       |       ||    90
       Dagger            |    92 |   137 |   393 |    91 ||   713
       Quick blade       |       |       |       |   953 ||   953
Throw: Dart              |       |     9 |   175 |    79 ||   263
       Boomerang         |       |       |       |    31 ||    31
 Cast: Blink             |       |       |       |     4 ||     4
Invok: Renounce Religion |       |       |       |     1 ||     1
Evoke: Wand              |       |     2 |    26 |    44 ||    72
  Use: Scroll            |       |     6 |     8 |     9 ||    23
       Potion            |       |       |     2 |       ||     2
 Stab: Sleeping          |     4 |     6 |    12 |     9 ||    31
       Paralysed         |       |     2 |     5 |    13 ||    20
       Distracted        |       |       |     2 |     1 ||     3
       Confused          |       |       |       |     1 ||     1
  Eat: Ration            |       |       |     4 |     3 ||     7
Armor: Animal skin       |     6 |     3 |    24 |     4 ||    37
       Troll leather arm |       |       |       |    14 ||    14
Dodge: Dodged            |   102 |    47 |   158 |   280 ||   587
Block: Buckler           |       |       |    39 |   141 ||   180

Table legend:
 A = Non-vault XP
 B = Vault XP
 C = Vault XP percentage of total XP
 D = Non-vault monster count
 E = Vault monster count
 F = Vault count percentage of total count
                 A         B        C        D         E       F
            +---------+---------+-------+---------+---------+-------
      Total |   19247 |   17035 |  47.0 |     260 |      77 |  22.8
            +---------+---------+-------+---------+---------+-------
        D:1 |      41 |       1 |   2.4 |      24 |       1 |   4.0
        D:2 |      86 |      24 |  21.8 |      22 |      12 |  35.3
        D:3 |      75 |       0 |   0.0 |      10 |       0 |   0.0
        D:4 |     247 |     256 |  50.9 |      11 |       3 |  21.4
        D:5 |     837 |     593 |  41.5 |      34 |       1 |   2.9
        D:6 |     889 |     281 |  24.0 |      23 |       1 |   4.2
        D:7 |    1469 |     193 |  11.6 |      19 |       1 |   5.0
        D:8 |    2175 |    1522 |  41.2 |      14 |      11 |  44.0
        D:9 |    1240 |     522 |  29.6 |      11 |       9 |  45.0
     Lair:1 |    2983 |    4082 |  57.8 |      15 |       6 |  28.6
     Lair:2 |    1989 |    2010 |  50.3 |       7 |       5 |  41.7
     Lair:3 |    1222 |       0 |   0.0 |       6 |       0 |   0.0
      Orc:1 |    4681 |       0 |   0.0 |      33 |       0 |   0.0
      Orc:2 |    1313 |    7551 |  85.2 |      31 |      27 |  46.6
            +---------+---------+-------+---------+---------+-------
